 Dungeon Crawl Stone Soup version 0.21.1-1-g345015f (webtiles) character file.

490 lyrx the Sneak (level 6, -8/22 HPs)
             Began as a Felid Transmuter on Mar 1, 2018.
             Was an Initiate of Hepliaklqana.
             Splashed by a centaur's acid (12 damage)
             ... on level 4 of the Dungeon.
             The game lasted 00:51:16 (3839 turns).

lyrx the Sneak (Felid Transmuter)                   Turns: 3839, Time: 00:51:20

Health: -8/22      AC:  3    Str:  6    XL:     6   Next: 90%
Magic:  11/12      EV: 21    Int: 14    God:    Hepliaklqana [......]
Gold:   5          SH:  0    Dex: 19    Spells: 4/12 levels left
                                        Lives:  0   Deaths: 1

rFire    . . .     SeeInvis +     - Unarmed
rCold    . . .     Gourm    .   (shield unavailable)
rNeg     . . .     Faith    .   (armour unavailable)
rPois    .         Spirit   .   (helmet unavailable)
rElec    .         Reflect  .   (cloak unavailable)
rCorr    .         Harm     .   (gloves unavailable)
MR       .....                  (boots unavailable)
Stlth    ++++......             (no amulet)
HPRegen  0.07/turn              j - +2 ring of evasion
MPRegen  0.13/turn              k - +5 ring of protection

@: appendage, corroded, quick
A: very small, no armour, no weapons or thrown items, stealth, reduced essence,
claws 1, fangs 3, horns 2, see invisible, carnivore, speed 1, shaggy fur 2, slow
metabolism 1, sharp paws
a: End Transformation, Recall Ancestor, Ancestor Identity, Renounce Religion


You were on level 4 of the Dungeon.
You worshipped Hepliaklqana.
Hepliaklqana was noncommittal.
You were full.
You had grown temporary horns.
You visited 1 branch of the dungeon, and saw 4 of its levels.

You collected 185 gold pieces.
You spent 180 gold pieces at shops.

Inventory:

Missiles
 g - 43 bolts
Jewellery
 j - a +2 ring of evasion (left paw)
 k - a +5 ring of protection (right paw)
 l - an uncursed ring of see invisible
Wands
 d - a wand of polymorph (1)
Scrolls
 a - 5 scrolls of teleportation
 e - a scroll of enchant weapon
 f - 2 scrolls of remove curse
 h - a scroll of enchant armour {unknown}
Books
 b - a book of Changes

   Spells                             Type                      Level
   a - Beastly Appendage              Transmutation                1
   b - Sticks to Snakes               Transmutation                2
   c - Spider Form                    Transmutation/Poison         3
   d - Ice Form                       Ice/Transmutation            4
   e - Blade Hands                    Transmutation                5
Comestibles
 c - 4 rations


   Skills:
 - Level 1.0 Fighting
 + Level 3.8 Dodging
 * Level 5.1 Stealth
 + Level 5.0 Unarmed Combat
 + Level 3.5 Spellcasting
 + Level 4.0 Transmutations
 + Level 0.1 Evocations


You had 4 spell levels left.
You knew the following spells:

 Your Spells              Type           Power        Failure   Level  Hunger
a - Beastly Appendage     Tmut           ##....       3%          1    #......
b - Sticks to Snakes      Tmut           ##......     6%          2    ##.....
c - Blade Hands           Tmut           ##........   71%         5    ######.


Dungeon Overview and Level Annotations

Branches:
Dungeon (4/15)
 Temple: D:4-7

Altars:
Hepliaklqana
Okawaru

Shops:
D:4 ?

Annotations:
D:4 Sigmund


Innate Abilities, Weirdness & Mutations

You cannot wear armour.
You are incapable of wielding weapons or throwing items.
Your paws allow you to move quietly. (Stealth)
You have sharp claws.
You have razor-sharp teeth.
You have supernaturally acute eyesight. (SInv)
You are carnivorous and can eat meat at any time.
You cover ground quickly.
You are covered in thick fur. (AC +2)
You have a slow metabolism.
Your sharp claws are effective at attacking unaware monsters.
Your life essence is reduced to manifest your ancestor. (-10% HP)
You have a pair of horns on your head.


Message History

You grow a pair of large bovine horns.
The centaur hits you with a flail!
You scratch the centaur but do no damage.
The centaur is lightly wounded.
The centaur closely misses you. The centaur barely misses you.
You scratch the centaur but do no damage.
You headbutt the centaur.
The centaur is moderately wounded.
Numerix hits the centaur but does no damage.
The centaur hits Numerix with a flail!
You scratch the centaur but do no damage.
You bite the centaur, but do no damage.
The centaur is moderately wounded.
Numerix barely misses the centaur.
The centaur closely misses you.
You barely miss the centaur.
The centaur is moderately wounded.
The centaur zaps a wand.
The bolt of acid hits you!
* * * LOW HITPOINT WARNING * * *
The acid corrodes you!
You are splashed with acid!
The acid burns!
Ouch! That really hurt!
You die...

.# #.##... #...# #.##.##
### #...# ### #.##.# ...#
#...# #... #..#.#
....##...##.... #....#
...#...#... #.#..# .'...'.
#....# #c..# #..#.# #R@.#
#....# #...# #....# #####
#...# ##### #....#
##...###...###...###.##.#
##.....##...##.....##.##R##
#.......#...#...(...## #.#.
#.......'...'.......# #.#.
#.......#...#.......# #.#.
##.....##...##.....## #...


You could see the friendly Numerix the ancestor and a centaur.

Vanquished Creatures
  A howler monkey (D:4)
  A worker ant (D:4)
  A worker ant zombie (D:4)
  3 adders
  2 oozes
  An adder skeleton (D:4)
  2 worms (D:2)
  3 dart slugs
  A leopard gecko (D:3)
  4 orcs (D:4)
  5 bats
  3 giant cockroaches
  5 goblins
  6 hobgoblins
  4 jackals (D:3)
  A quokka (D:2)
  3 frilled lizards
  6 kobolds
  A leopard gecko skeleton (D:4)
  13 rats
66 creatures vanquished.

Vanquished Creatures (collateral kills)
  A yak (D:4)
  A hog (D:4)
  The ghost of Ratty the Grave Robber, an amateur DENe (D:3)
  A bullfrog skeleton (D:3)
  An adder (D:4)
  A worm (D:3)
  A goblin (D:1)
  A hobgoblin (D:1)
8 creatures vanquished.

Vanquished Creatures (others)
  4 ancestors
4 creatures vanquished.

Grand Total: 78 creatures vanquished

Notes
Turn   | Place    | Note
-------+----------+-------------------------------------------
     0 | D:1      | lyrx the Felid Transmuter began the quest for the Orb.
     0 | D:1      | Reached XP level 1. HP: 9/9 MP: 4/4
   273 | D:1      | Reached XP level 2. HP: 12/12 MP: 6/6
   280 | D:1      | Learned a level 2 spell: Sticks to Snakes
   360 | D:1      | Reached skill level 1 in Stealth
   727 | D:2      | Reached XP level 3. HP: 15/15 MP: 4/7
  1516 | D:3      | Reached XP level 4. HP: 19/19 MP: 5/8
  1729 | D:3      | Noticed Ratty's ghost (amateur DENe)
  1764 | D:3      | Succumbed to Ratty's ghost's poison
  1765 | D:3      | Reached XP level 3. HP: 0/15 MP: 3/7
  1787 | D:3      | Killed Ratty's ghost
  1787 | D:3      | Reached XP level 4. HP: 13/19 MP: 2/8
  1974 | D:4      | Noticed Sigmund
  1975 | D:4      | Reached XP level 5. HP: 22/22 MP: 9/9
  2061 | D:3      | Learned a level 5 spell: Blade Hands
  2191 | D:4      | Found a hazy altar of Hepliaklqana.
  2199 | D:4      | Became a worshipper of Hepliaklqana the Forgotten
  2219 | D:4      | Found an iron altar of Okawaru.
  2219 | D:4      | Noticed a yak
  2219 | D:4      | Noticed a yak
  2464 | D:4      | Killed a yak
  2561 | D:4      | Noticed a yak
  3266 | D:4      | Found Ocaki's Magic Scroll Emporium.
  3272 | D:4      | Bought a scroll of teleportation for 30 gold pieces
  3272 | D:4      | Bought 3 scrolls of teleportation for 90 gold pieces
  3272 | D:4      | Bought a scroll of teleportation for 30 gold pieces
  3272 | D:4      | Bought a scroll of teleportation for 30 gold pieces
  3314 | D:4      | Gained mutation: You are covered in thick fur. (AC +2) [Felid growth]
  3314 | D:4      | Reached XP level 6. HP: 17/22 MP: 11/11
  3321 | D:4      | Noticed a hog
  3321 | D:4      | an ogre changed into a hog
  3330 | D:4      | Killed a hog
  3330 | D:4      | Reached skill level 5 in Stealth
  3481 | D:3      | Noticed a blink frog
  3481 | D:3      | a yak changed into a blink frog
  3746 | D:3      | Noticed a basilisk
  3746 | D:3      | a yak changed into a basilisk
  3822 | D:4      | Reached skill level 5 in Unarmed Combat
  3839 | D:4      | Splashed by a centaur's acid

Skill      XL: |  1  2  3  4  5  6 |
---------------+-------------------+-----
Stealth        | 1 2 4 5 |  5.1
Dodging        | 3 |  3.8
Unarmed Combat | 4 5 |  5.0
Transmutations | 3 4 |  4.0
Spellcasting   | 3 |  3.5
Fighting       | |  1.0
Evocations     | |  0.1

Action                   |  1- 3 |  4- 6 || total
-------------------------+-------+-------++-------
Melee: Unarmed           |   104 |   145 ||   249
       Bite              |     8 |    19 ||    27
       Punch             |     2 |     3 ||     5
       Headbutt          |       |     5 ||     5
 Cast: Sticks to Snakes  |    12 |    27 ||    39
       Beastly Appendage |       |     8 ||     8
Invok: Recall Ancestor   |       |     3 ||     3
       Ancestor Identity |       |     1 ||     1
Evoke: Wand              |       |     6 ||     6
  Use: Scroll            |     4 |     5 ||     9
       Potion            |     5 |     4 ||     9
 Stab: Sleeping          |    15 |     5 ||    20
       Distracted        |     1 |       ||     1
  Eat: Chunk             |     7 |    10 ||    17
       Ration            |     1 |       ||     1
Armor: Skin              |     6 |    16 ||    22
Dodge: Dodged            |    59 |   146 ||   205
